 Dungeon Crawl Stone Soup version 0.22.1-2-g9c5b331 (webtiles) character file.

182 lysyklops the Poker (level 5, -14/41 HPs)
             Began as a Merfolk Skald on Dec 20, 2018.
             Demolished by a gnoll
             ... wielding a +2 whip of distortion
              (21 damage)
             ... on level 3 of the Dungeon.
             The game lasted 00:06:56 (2571 turns).

lysyklops the Poker (Merfolk Skald)                 Turns: 2571, Time: 00:06:57

Health: -14/41     AC:  3    Str: 12    XL:     5   Next: 62%
Magic:  7/9        EV: 13    Int: 13    God:
Gold:   138        SH:  0    Dex: 13    Spells: 8/9 levels left

rFire    . . .     SeeInvis .   a - +0 spear
rCold    . . .     Gourm    .   (no shield)
rNeg     . . .     Faith    .   b - +0 leather armour
rPois    .         Spirit   .   (no helmet)
rElec    .         Reflect  .   (no cloak)
rCorr    .         Harm     .   (no gloves)
MR       .....                  (no boots)
Stlth    +.........             (no amulet)
HPRegen  0.13/turn              (no ring)
MPRegen  0.11/turn              (no ring)

@: infused
A: change form in water, swift swim, stealthy swim
a: no special abilities


You were on level 3 of the Dungeon.
You were hungry.

You visited 1 branch of the dungeon, and saw 3 of its levels.

You collected 138 gold pieces.

Inventory:

Hand Weapons
 a - a +0 spear (weapon)
Armour
 b - a +0 leather armour (worn)
Jewellery
 f - an uncursed ring of magical power {unknown}
Wands
 n - a wand of digging (11)
Scrolls
 g - 2 scrolls of teleportation {unknown}
 i - 2 scrolls of remove curse {unknown}
 k - a scroll of magic mapping {unknown}
 l - a scroll of fog {unknown}
 q - a scroll of identify {unknown}
 r - a scroll of amnesia {unknown}
Potions
 c - a potion of mutation {unknown}
 e - a potion of agility {unknown}
 h - 2 potions of flight {unknown}
 j - 2 potions of invisibility {unknown}
 m - a potion of magic {unknown}
 o - a potion of berserk rage {unknown}
Comestibles
 d - 5 rations


   Skills:
 + Level 3.2 Fighting
 + Level 4.2 Polearms
 + Level 1.6 Armour
 + Level 3.8 Dodging
 + Level 2.7 Spellcasting
 + Level 4.0 Charms


You had 8 spell levels left.
You knew the following spells:

 Your Spells              Type           Power        Failure   Level  Hunger
a - Infusion              Chrm           ##..         6%          1    #......

Your spell library contained the following spells:

 Spells                   Type           Power        Failure   Level  Hunger
 Song of Slaying          Chrm           ##......     9%          2    ###....
 Shroud of Golubria       Chrm/Tloc      #.........   21%         2    ###....
 Confusing Touch          Hex            #.....       30%         1    #......
 Regeneration             Chrm/Necr      #.........   36%         3    ###....
 Spectral Weapon          Hex/Chrm       #.......     36%         3    ###....


Dungeon Overview and Level Annotations

Branches:
Dungeon (3/15)

Altars:
Kikubaaqudgha
Sif Muna
Vehumet

Annotations:
D:3 Robin


Message History

Attack whom?
Press: ? - help, Dir - move target cursor, f/p - gnoll
Aim: a gnoll, wielding a whip of distortion (moderately wounded)
You reach to attack!
You hit the gnoll.
The gnoll is heavily wounded.
Attack whom?
Press: ? - help, Dir - move target cursor, f/p - gnoll
Aim: a gnoll, wielding a whip of distortion (heavily wounded)
You closely miss the gnoll.
The gnoll is heavily wounded.
Attack whom?
Press: ? - help, Dir - move target cursor, f/p - gnoll
Aim: a gnoll, wielding a whip of distortion (heavily wounded)
You barely miss the gnoll.
The gnoll is heavily wounded.
The gnoll hits you with a whip of distortion!
* * * LOW HITPOINT WARNING * * *
Space warps horribly around you!
Ouch! That really hurt!
You die...

## .#### ..(.# ####
#### #.#.##....
#..# #.#.#..#
#..###.#...#######
#..##..()........#
##@..#........>.>.#
#.g#(...#.........#
#.####....).......#
#.# ##..#........#
#.# #.....(.....#
#.# ###..#.......
#.# ##..#.##...
##.# ##(.......
#..# ###.##..#


You could see a gnoll.

Vanquished Creatures
  A phantom (D:2)
  An adder (D:2)
  3 gnolls
  5 dart slugs
  A leopard gecko (D:1)
  An orc (D:3)
  2 ball pythons (D:1)
  5 giant cockroaches
  7 goblins
  2 hobgoblins
  2 jackals (D:1)
  2 quokkas (D:2)
  4 bats
  3 frilled lizards
  7 kobolds
  3 rats (D:1)
49 creatures vanquished.

Notes
Turn   | Place    | Note
-------+----------+-------------------------------------------
     0 | D:1      | lysyklops the Merfolk Skald began the quest for the Orb.
     0 | D:1      | Reached XP level 1. HP: 16/16 MP: 3/3
    82 | D:1      | Reached XP level 2. HP: 22/22 MP: 5/5
   315 | D:1      | Reached skill level 1 in Armour
   368 | D:1      | Reached XP level 3. HP: 16/28 MP: 6/6
  1127 | D:2      | Noticed a phantom
  1180 | D:2      | Killed a phantom
  1180 | D:2      | Reached XP level 4. HP: 10/35 MP: 7/7
  1180 | D:2      | Reached XP level 5. HP: 12/41 MP: 8/8
  1859 | D:2      | Found an ancient bone altar of Kikubaaqudgha.
  1863 | D:2      | Found a deep blue altar of Sif Muna.
  1865 | D:2      | Found a radiant altar of Vehumet.
  1869 | D:2      | Identified Sif Muna's Grimoire of Bewitchment
  2243 | D:3      | Noticed Robin
  2571 | D:3      | Demolished by a gnoll

Skill      XL: |  1  2  3  4  5 |
---------------+----------------+-----
Armour         | 1 |  1.6
Dodging        | 3 |  3.8
Fighting       | 3 |  3.2
Polearms       | 4 |  4.2
Charms         | 4 |  4.0
Spellcasting   | |  2.7

Action                   |  1- 3 |  4- 6 || total
-------------------------+-------+-------++-------
Melee: Spear             |   161 |   104 ||   265
 Cast: Infusion          |       |     3 ||     3
  Eat: Chunk             |       |     5 ||     5
Armor: Leather armour    |    25 |    13 ||    38
Dodge: Dodged            |    93 |    60 ||   153
